 Dungeon Crawl Stone Soup version 0.31-a0-996-g3b49de5836 (webtiles) character file.

Game seed: 15561211346443240142

555 GordonOverkill the Sneak (level 7, 0/36 HPs)
             Began as a Spriggan Delver on Nov 7, 2023.
             Slain by a water moccasin (7 damage)
             ... on level 4 of the Dungeon.
             The game lasted 00:09:20 (5583 turns).

GordonOverkill the Sneak (Spriggan Delver)          Turns: 5583, Time: 00:09:21

Health: 0/36       AC:  2    Str:  8    XL:     7   Next: 8%
Magic:  14/14      EV: 17    Int: 14    God:
Gold:   208        SH:  0    Dex: 16    Spells: 14/14 levels left

rFire   . . .        x - +1 dagger (venom)
rCold   . . .        (no shield)
rNeg    . . .        b - +0 robe
rPois   .            (helmet restricted)
rElec   .            (no cloak)
rCorr   .            (gloves unavailable)
SInv    +            (boots unavailable)
Will    ++...        e - amulet of magic regeneration
Stlth   ++++         o - ring of willpower
HPRegen 0.26/turn    (no ring)
MPRegen 0.54/turn

%: no passive effects
@: mighty, lethally poisoned (0 -> -8), very quick
A: very small, no large weapons, unfitting armour, see invisible, speed 3
a: no special abilities


You were on level 4 of the Dungeon.
You visited 1 branch of the dungeon, and saw 6 of its levels.
You also visited: Ossuary.

You collected 208 gold pieces.

Inventory:

Hand Weapons
 x - a +1 dagger of venom (weapon)
Armour
 b - a +0 robe (worn)
Jewellery
 e - an amulet of magic regeneration (around neck)
 o - a ring of willpower (left hand)
Wands
 g - a wand of digging (3)
Scrolls
 a - a scroll of fear
 c - 2 scrolls of fog
 d - 2 scrolls of revelation
 h - 2 scrolls of enchant weapon {unknown}
 l - a scroll of noise {unknown}
 m - 4 scrolls of teleportation {unknown}
 q - 2 scrolls of identify {unknown}
 r - 2 scrolls of brand weapon {unknown}
 t - a scroll of poison {unknown}
Potions
 f - 3 potions of haste
 i - 2 potions of heal wounds {unknown}
 j - 3 potions of might
 k - a potion of resistance {unknown}
 n - 2 potions of curing {unknown}
 p - a potion of attraction {unknown}
 s - 2 potions of mutation {unknown}
 v - a potion of invisibility {unknown}
 w - a potion of lignification {unknown}


   Skills:
 - Level 3.0 Fighting
 - Level 6.0 Short Blades
 - Level 2.6 Dodging
 - Level 7.2 Stealth
 - Level 4.0 Spellcasting
 + Level 2.5 Conjurations


You had 14 spell levels left.
You didn't know any spells.
Your spell library contained the following spells:

 Spells                   Type           Power      Damage    Failure   Level
 Sublimation of Blood     Necr           2%         N/A       28%         2
 Petrify                  Tmut/Erth      2%         N/A       88%         4
 Irradiate                Conj/Tmut      3%         3d12      97%         5


Dungeon Overview and Level Annotations

Branches:
Dungeon (6/15)            Ossuary (visited)
 Temple: D:4-7

Altars:
Xom
Zin

Shops:
D:6 *


Innate Abilities, Weirdness & Mutations

You are very small and have problems with some larger weapons.
You are too small for most types of armour.
You have supernaturally acute eyesight. (SInv)
You cover ground extremely quickly. (Speed+++)


Message History

You now have 193 gold pieces (gained 16).
You now have 208 gold pieces (gained 15).
A water moccasin and a kobold come into view.
The water moccasin hisses angrily.
There are monsters nearby!
There are monsters nearby!
There are monsters nearby!
There are monsters nearby!
The water moccasin bites you.
You are poisoned.
The water moccasin poisons you!
You hit the water moccasin but do no damage.
You feel very sick. The water moccasin bites you.
You miss the water moccasin.
You feel sick. The water moccasin bites you!
* * * LOW HITPOINT WARNING * * *
You are lethally poisoned!
The water moccasin poisons you!
You are too injured to fight recklessly!
You hit the water moccasin but do no damage.
* * * LOW HITPOINT WARNING * * *
You feel very sick.
The water moccasin bites you but does no damage.
You are too injured to fight recklessly!
You hit the water moccasin.
The water moccasin is lightly wounded.
* * * LOW HITPOINT WARNING * * *
You feel very sick.
The water moccasin bites you but does no damage.
You are too injured to fight recklessly!
* * * LOW HITPOINT WARNING * * *
You feel very sick.
* * * LOW HITPOINT WARNING * * *
You feel sick.
It was a potion of might.
You feel very mighty all of a sudden.
* * * LOW HITPOINT WARNING * * *
You feel very sick. The water moccasin bites you!
You die...

#[# #.......# #.#
#)..###.# ######.#####..##
. ##.............#
##.........)....#
#...............# #
#...............# #.
#...............#
#####.####...S@..........#
........##...............#
.K.......................#
.^......###.............##
........# ##.....#.....##
######### #############


You could see a water moccasin.

Vanquished Creatures
  An ogre (D:4)
  2 water moccasin zombies (Ossuary)
  A hound (D:4)
  A jelly (D:6)
  Terence (D:3)
  2 iguanas
  2 mummies (Ossuary)
  3 gnolls (D:3)
  3 adders
  2 ufetubi (D:5)
  10 adder zombies (Ossuary)
  A dart slug (D:4)
  5 orcs
  4 bats
  9 endoplasms
  3 giant cockroaches
  4 gnoll zombies (Ossuary)
  6 hobgoblins
  11 kobolds
  3 quokkas
  13 ball pythons
  3 frilled lizards
  6 goblins
  A hobgoblin zombie (Ossuary)
  7 kobold zombies (Ossuary)
  5 orc zombies (Ossuary)
  2 rats
111 creatures vanquished.

Notes
Turn   | Place    | Note
-------+----------+-------------------------------------------
     0 | D:5      | GordonOverkill the Spriggan Delver began the quest for the
                  | Orb.
     0 | D:5      | Reached XP level 1. HP: 11/11 MP: 2/2
    19 | D:6      | Noticed a jelly
    26 | D:6      | Killed a jelly
    27 | D:6      | Reached XP level 2. HP: 16/16 MP: 3/3
    27 | D:6      | Reached XP level 3. HP: 20/20 MP: 4/4
    56 | D:6      | Noticed an ogre
    65 | D:6      | Found a sand-covered staircase.
    71 | Ossuary  | Entered an ossuary
   132 | Ossuary  | Reached XP level 4. HP: 19/24 MP: 5/5
   273 | Ossuary  | Reached skill level 5 in Short Blades
   273 | Ossuary  | Reached XP level 5. HP: 21/28 MP: 6/6
   442 | Ossuary  | Reached skill level 1 in Spellcasting
   543 | D:6      | Found Laruneyr's Elemental Accessories.
  1027 | D:3      | Reached XP level 6. HP: 19/32 MP: 10/10
  1206 | D:3      | Found a glowing silver altar of Zin.
  1206 | D:3      | Noticed an angel
  1226 | D:3      | Found a shimmering altar of Xom.
  1296 | D:3      | Noticed Terence
  1376 | D:2      | Reached skill level 1 in Conjurations
  1960 | D:1      | Found a faded altar of an unknown god.
  1960 | D:1      | Noticed a rust devil
  3784 | D:3      | Killed Terence
  5141 | D:3      | Found a glowing silver altar of Zin.
  5144 | D:3      | Found a shimmering altar of Xom.
  5495 | D:4      | Reached XP level 7. HP: 36/36 MP: 12/14
  5583 | D:4      | Slain by a water moccasin

Illustrated notes

Levels and vault maps discovered:
D:1:      lightli_arrival_noodles, layout_basic,
          dreamdust_ecumenical_altar_sealed_demon
D:2:      layout_loops_ring
D:3:      layout_loops_ring, grunt_temple_overflow_order_and_chaos_1,
          fountainhead, uniq_terence
D:4:      layout_rooms, lemuel_doored_altar
D:5:      layout_cave_pools, minivault_24, uniq_prince_ribbit1,
          uniq_crazy_yiuf_cottage
D:6:      layout_cave_pods, old_standard_altar, nicolae_ossuary_entry_plus,
          nicolae_elemental_shop, kennysheep_generic_room_11

Skill      XL: |  1  2  3  4  5  6 |
---------------+-------------------+-----
Fighting       | 3 |  3.0
Short Blades   | 3 4 5 6 |  6.0
Spellcasting   | 2 4 |  4.0
Conjurations   | 2 |  2.5
Dodging        | |  2.6
Stealth        | |  7.2

Action                     |  1- 3 |  4- 6 |  7- 9 || total
---------------------------+-------+-------+-------++-------
  Melee: Short sword       |    37 |   453 |       ||   490
         Punch             |     1 |     6 |     1 ||     8
         Dagger            |       |    47 |    16 ||    63
    Use: Scroll            |       |     1 |       ||     1
         Potion            |       |       |     1 ||     1
   Stab: Sleeping          |     4 |    24 |       ||    28
         Distracted        |       |     2 |       ||     2
         Fleeing           |       |     1 |       ||     1
 Armour: Robe              |    11 |   114 |     8 ||   133
  Dodge: Dodged            |    13 |   311 |     8 ||   332

Table legend: (Time is in decaauts)
 A = Elapsed time spent in this place.
 B = Non-inter-level travel time spent in this place.
 C = Inter-level travel time spent in this place.
 D = Time resting spent in this place.
 E = Time spent auto-exploring this place.
 F = Levels seen in this place.
 G = Mean time per level.
                   A        B        C        D        E       F      G
               +--------+--------+--------+--------+--------+-----+--------+
         Total |   3980 |   3848 |    132 |   1035 |   1759 |   7 |  568.6 |
       Dungeon |   3615 |   3483 |    132 |    914 |   1759 |   6 |  602.5 |
       Ossuary |    365 |    365 |      0 |    121 |      0 |   1 |  365.0 |
               +--------+--------+--------+--------+--------+-----+--------+

Top non-repeatable levels by time:
     D:3: 1328 daAuts
     D:2: 1090 daAuts
     D:1: 756 daAuts
 Ossuary: 365 daAuts
     D:6: 176 daAuts
     D:5: 144 daAuts
     D:4: 119 daAuts
